 Dungeon Crawl Stone Soup version 0.31-a0-128-g25add195a6 (webtiles) character file.

Game seed: 17455163999024823919

79 TittyCrusher the Chiller (level 4, -2/24 HPs)
             Began as a Deep Elf Ice Elementalist on June 2, 2023.
             Slain by Sigmund
             ... wielding a +0 scythe
              (4 damage)
             ... on level 3 of the Dungeon.
             The game lasted 00:04:48 (1836 turns).

TittyCrusher the Chiller (DEIE)                     Turns: 1836, Time: 00:04:48

Health: -2/24      AC: 12    Str:  5    XL:     4   Next: 16%
Magic:  13/21      EV: 12    Int: 22    God:
Gold:   122        SH:  0    Dex: 15    Spells: 4/11 levels left

rFire   + . .        a - +0 mace (protect)
rCold   + . .        (no shield)
rNeg    . . .        i - +0 robe
rPois   +            (no helmet)
rElec   +            (no cloak)
rCorr   +            (no gloves)
SInv    .            o - +2 pair of boots
Will    +....        (no amulet)
Stlth   ++           j - ring of magical power
HPRegen 0.24/turn    (no ring)
MPRegen 0.17/turn

%: no passive effects
@: lethally poisoned (-2 -> -3), ice-armoured, resistant, freezing walls,
enlightened, flying
A: no striking features
a: no special abilities


You were on level 3 of the Dungeon.
You visited 1 branch of the dungeon, and saw 3 of its levels.

You collected 122 gold pieces.

Inventory:

Hand Weapons
 a - a +0 mace of protection (weapon)
 e - a +0 trident
 f - a +0 dagger
Missiles
 g - 26 stones (quivered)
Armour
 i - a +0 robe (worn)
 o - a +2 pair of boots (worn)
Jewellery
 j - a ring of magical power (left hand)
Wands
 m - a wand of roots (7)
Scrolls
 k - a scroll of noise {unknown}
 l - a scroll of silence {unknown}
Potions
 b - a potion of magic
 d - 2 potions of cancellation
 h - 2 potions of brilliance


   Skills:
 - Level 2.4 Dodging
 - Level 2.4 Stealth
 - Level 4.0 Spellcasting
 + Level 5.9 Ice Magic


You had 4 spell levels left.
You knew the following spells:

 Your Spells              Type           Power      Damage    Failure   Level
a - Freeze                Ice            100%       1d10      1%          1
b - Frozen Ramparts       Ice            60%        1d10      3%          3
c - Ozocubu's Armour      Ice            30%        N/A       3%          3

Your spell library contained the following spells:

 Spells                   Type           Power      Damage    Failure   Level
 Gell's Gravitas          Tloc           4%         N/A       32%         3
 Teleport Other           Tloc           4%         N/A       32%         3
 Summon Ice Beast         Ice/Summ       17%        N/A       32%         4
 Dispersal                Tloc           2%         N/A       100%        6


Dungeon Overview and Level Annotations

Branches:
Dungeon (3/15)

Altars:

Annotations:
D:3 Sigmund


Message History

You kill the orc!
The wall freezes something.
The wall freezes something.
Something hits you.
You are poisoned.
You feel sick.
The wall freezes something!
Something hits you but does no damage.
The wall freezes something.
Something hits you.
It was a potion of resistance.
You feel protected.
You feel sick.
The wall freezes something.
Something hits you.
The wall freezes something!
Something hits you.
It was a potion of enlightenment.
You feel very buoyant.
You fly up into the air.
You feel sick.
The wall freezes something.
Reactivating autopickup.
You feel a bit more experienced.
You have reached level 4!
You feel clever.
Casting: Frozen Ramparts (quite dangerous; 3% risk of failure)
Confirm with . or Enter, or press ? or * to list all spells.
The spell is quite dangerous to miscast (3% risk of failure)!
Continue anyway?
Okay, then.
Unknown command.
Casting: Ozocubu's Armour (quite dangerous; 3% risk of failure)
Confirm with . or Enter, or press ? or * to list all spells.
The spell is quite dangerous to miscast (3% risk of failure)!
Continue anyway?
A film of ice covers your body!
You feel sick.
The wall freezes something.
Something hits you.
* * * LOW HITPOINT WARNING * * *
Deactivating autopickup; reactivate with Ctrl-A.
Unknown command.
Unknown command.
Unknown command.
Okay, then.
You can't see any enemies this would affect, really read the scroll of poison?
The air fills with toxic fumes!
As you read the scroll of poison, it crumbles to dust.
* * * LOW HITPOINT WARNING * * *
You feel sick.
The wall freezes something.
Something hits you.
You die...

#~.# #~.#
#~~###
#~≈..
#.≈≈##
#.≈§§# #
#.§§##.#
####§#....#
#§@§§#<####
#{#######
§§. §§§..
.§§§...
.§§...>
.§.....
.......


There were no monsters in sight!

Vanquished Creatures
  An orc wizard (D:3)
  An adder (D:2)
  A worm (D:2)
  A dart slug (D:1)
  4 orcs
  5 bats
  4 endoplasms (D:2)
  3 giant cockroaches
  A goblin (D:1)
  A hobgoblin (D:2)
  6 quokkas
  A ball python (D:2)
  A frilled lizard (D:1)
  3 kobolds
  A rat (D:2)
34 creatures vanquished.

Notes
Turn   | Place    | Note
-------+----------+-------------------------------------------
     0 | D:1      | TittyCrusher the Deep Elf Ice Elementalist began the quest
                  | for the Orb.
     0 | D:1      | Reached XP level 1. HP: 10/10 MP: 6/6
   332 | D:1      | Reached XP level 2. HP: 15/15 MP: 6/8
   978 | D:2      | Reached skill level 5 in Ice Magic
  1102 | D:2      | Reached XP level 3. HP: 19/19 MP: 10/10
  1106 | D:2      | Learned a level 3 spell: Frozen Ramparts
  1110 | D:2      | Learned a level 3 spell: Ozocubu's Armour
  1817 | D:3      | Noticed Sigmund
  1835 | D:3      | Reached XP level 4. HP: 7/24 MP: 12/12
  1836 | D:3      | Slain by Sigmund

Illustrated notes

Levels and vault maps discovered:
D:1:      dpeg_arrival_court, layout_rooms
D:2:      layout_basic, bh_walls_and_bars
D:3:      layout_basic, nzn_wu_jian_contemplation, serial_rivers,
          chequers_serial_rivers_small_3, chequers_serial_rivers_micro_b,
          chequers_serial_rivers_small_a, chequers_serial_rivers_small_a,
          chequers_serial_rivers_small_b, ebering_ghost_gozag, serial_shops,
          nicolae_shop_real_fake_doors, minmay_joined_circles, uniq_sigmund,
          uniq_terence

Skill      XL: |  1  2 |
---------------+-------+-----
Spellcasting   | 4 |  4.0
Ice Magic      | 5 |  5.9
Dodging        | |  2.4
Stealth        | |  2.4

Action                     |  1- 3 |  4- 6 || total
---------------------------+-------+-------++-------
  Throw: Stone             |     1 |       ||     1
   Cast: Freeze            |    44 |       ||    44
         Frozen Ramparts   |     4 |       ||     4
         Ozocubu's Armour  |       |     1 ||     1
    Use: Scroll            |     3 |     1 ||     4
         Potion            |     2 |       ||     2
 Armour: Robe              |     7 |       ||     7
  Dodge: Dodged            |    21 |       ||    21

Table legend: (Time is in decaauts)
 A = Elapsed time spent in this place.
 B = Non-inter-level travel time spent in this place.
 C = Inter-level travel time spent in this place.
 D = Time resting spent in this place.
 E = Time spent auto-exploring this place.
 F = Levels seen in this place.
 G = Mean time per level.
                   A        B        C        D        E       F      G
               +--------+--------+--------+--------+--------+-----+--------+
         Total |   1834 |   1819 |     15 |    242 |   1266 |   3 |  611.3 |
       Dungeon |   1834 |   1819 |     15 |    242 |   1266 |   3 |  611.3 |
               +--------+--------+--------+--------+--------+-----+--------+

Top non-repeatable levels by time:
     D:2: 1115 daAuts
     D:1: 691 daAuts
     D:3: 27 daAuts
